Map: 2000 Atmospheres LE

Players

Nice

  • Race: Protoss Protoss

Maru - Winner!

  • Race: Terran Terran

Event: DreamHack SC2 Masters 2021 Winter

VOD

Have the link to the VOD?

Description

Time

  • Played on: Nov. 12, 2021, 8:50 a.m.
  • Length: 5:40

All games in this series

Show
View Real Time Build Order
Export as new Build Order

Nice Protoss 

Build Orders: Phoenix Opening 

Get SALT Encoding   

  12  0:00  Probe  
  13  0:12  Probe  
  14  0:19  Pylon  
  14  0:25  Probe (Chrono Boost)  
  15  0:38  Probe (Chrono Boost)  
  15  0:39  Gateway  
  16  0:45  Probe (Chrono Boost)  
  16  0:49  Assimilator  
  17  0:52  Probe  
  18  1:02  Assimilator  
  18  1:05  Probe  
  19  1:17  Probe  
  20  1:29  Probe  
  20  1:30  Cybernetics Core  
  21  1:36  Pylon  
  21  1:39  Zealot  
  23  1:54  Probe  
  24  1:59  Pylon  
  24  2:05  Adept (Chrono Boost)  
  24  2:07  Stargate  
  26  2:14  Shield Battery  
  25  2:16  Probe  
  25  2:20  Warp Gate  
  25  2:28  Probe  
  26  2:31  Adept  
  28  2:40  Probe  
  29  2:45  Pylon  
  29  2:53  Pylon  
  29  3:12  Stargate  
  24  3:21  Probe  
  24  3:22  Nexus  
  25  3:33  Probe  
  26  3:39  Stalker, Pylon  
  28  3:45  Probe  
  28  3:54  Phoenix (Chrono Boost)  
  30  3:58  Probe  
  31  4:12  Phoenix  
  31  4:14  Pylon  
  31  4:16  Probe (Chrono Boost)  
  34  4:28  Twilight Council, Probe (Chrono Boost)  
  35  4:32  Probe (Chrono Boost)  
  35  4:35  Probe (Chrono Boost)  
  37  4:42  Probe (Chrono Boost)  
  38  4:47  Probe (Chrono Boost)  
  40  4:54  Probe (Chrono Boost)  
  40  4:55  Probe (Chrono Boost)  
  40  4:58  Probe (Chrono Boost)  
  41  5:01  Probe  
  41  5:02  Shield Battery  
  41  5:05  Stalker  
  43  5:09  Phoenix  
  43  5:10  Probe  
  46  5:20  Probe  
  47  5:23  Probe  
  48  5:32  Stalker  
Show
View Real Time Build Order
Export as new Build Order

Maru Terran - Winner!

Build Orders: Cyclone Opening 

Get SALT Encoding   

  12  0:00  SCV  
  13  0:12  SCV  
  14  0:17  Supply Depot  
  14  0:24  SCV  
  15  0:38  SCV  
  15  0:39  Barracks  
  16  0:45  Refinery  
  16  0:51  SCV  
  16  0:54  Refinery  
  17  1:03  SCV  
  18  1:15  SCV  
  19  1:28  Reaper, Orbital Command  
  20  1:47  Factory  
  20  1:54  SCV  
  21  1:55  Supply Depot  
  21  2:06  SCV  
  22  2:18  SCV  
  22  2:21  Marine  
  24  2:30  SCV  
  25  2:37  Factory Tech Lab  
  25  2:38  Bunker  
  25  2:42  SCV  
  26  2:44  Marine  
  26  2:45  Starport  
  27  2:54  SCV  
  27  2:56  Cyclone  
  32  3:06  SCV  
  32  3:12  Barracks Reactor  
  32  3:18  SCV  
  33  3:29  Command Center  
  33  3:40  Supply Depot, SCV  
  34  3:49  Cyclone  
  34  3:54  Marine x2  
  39  4:02  Medivac  
  41  4:04  SCV  
  42  4:11  Supply Depot  
  42  4:12  Marine  
  42  4:14  Marine  
  45  4:24  Siege Tank  
  47  4:32  Marine x2  
  47  4:33  SCV, Viking  
  51  4:43  Orbital Command  
  51  4:45  SCV  
  52  4:50  Marine  
  53  4:57  SCV, Cyclone  
  57  5:09  Supply Depot, SCV, Barracks  
  57  5:12  SCV  
  57  5:13  Starport Tech Lab  
  60  5:21  SCV, Marine x2  
  60  5:24  SCV  

Tags
 
Add a new tag
Caveats
  • Supply blocks, unpowered buildings, or Contaminate may cause inaccurate times.
  • Supply counts are checked every 10 seconds.